Panthers vs Bruins

Created - April 19 2011 at 17:52

Goals
1 2 3 T
Panthers 1 1 1 3
Bruins 0 1 0 1
Shots
1 2 3 T
Panthers 13 8 3 24
Bruins 6 5 8 19

Period #1

1. Panthers , Mike Fisher 1 (Brian Rafalski) at 0:11

Penalties :
Rick Nash (BOS) for Hooking (Minor) at 4:05, Blake Wheeler (FLA) for High sticking (Minor) at 7:52, Dan Hamhuis (BOS) for Tripping (Minor) at 11:16, Brad Marchand (BOS) for Holding (Minor) at 16:44, Brad Stuart (FLA) for Hooking (Minor) at 19:34, Dustin Brown (BOS) for Hooking (Minor) at 19:59

Period #2

2. Panthers , Frans Nielsen 1 (Andrew Brunette, Brad Stuart) at 4:01 (PP)
3. Bruins , Zdeno Chara 2 (Patrice Bergeron, Tom Gilbert) at 12:02

Penalties :
Milan Lucic (BOS) for Slashing (Minor) at 2:46, Zdeno Chara (BOS) for Hooking (Minor) at 4:44, Toni Lydman (BOS) for Hooking (Minor) at 19:31

Period #3

4. Panthers , Brad Stuart 1 (Paul Gaustad) at 11:32 (PP)

Penalties :
Craig Rivet (FLA) for Tripping (Minor) at 6:07, Zdeno Chara (BOS) for High sticking (Minor) at 10:52

Goalie Stats

Marty Turco (FLA), 18 saves from 19 shots - (0.947), W, 3-1-1, 60:00 minutes
Cam Ward (BOS), 21 saves from 24 shots - (0.875), L, 2-3-0, 60:00 minutes

Players Stats

Panthers
Player Name              G  A  P  +/- PIM S  H  SB FO    MP 
------------------------------------------------------------
Andrew Brunette          0  1  1  -1  0   3  1  0  0/0   19 
Blake Wheeler            0  0  0   0  2   0  1  0  0/2   17 
Brad Stuart              1  1  2   1  2   2  1  1  0/0   20 
Brian Rafalski           0  1  1   1  0   1  0  0  0/0   21 
Chad Larose              0  0  0   0  0   0  0  0  1/1   8  
Christopher Higgins      0  0  0   0  0   0  1  0  1/2   14 
Claude Giroux            0  0  0  -1  0   2  0  0  1/1   20 
Craig Rivet              0  0  0   0  2   0  1  0  0/0   14 
Frans Nielsen            1  0  1  -1  0   2  0  1  7/18  21 
Greg Zanon               0  0  0  -1  0   1  0  1  0/0   18 
Joel Ward                0  0  0   0  0   2  0  0  1/1   10 
Marc-Andre Bergeron      0  0  0   0  0   2  0  0  0/0   17 
Maxim Afinogenov         0  0  0   1  0   1  0  0  4/5   19 
Maxim Lapierre           0  0  0   0  0   0  0  0  0/0   0  
Mike Fisher              1  0  1   1  0   4  5  0  14/33 20 
Mike Mottau              0  0  0  -1  0   2  0  3  0/0   21 
Paul Gaustad             0  1  1   0  0   0  2  0  6/13  16 
Ryan Smyth               0  0  0   1  0   2  0  0  1/1   19 
Bruins
Player Name              G  A  P  +/- PIM S  H  SB FO    MP 
------------------------------------------------------------
Brad Marchand            0  0  0   0  2   1  0  0  0/1   13 
Chris Kelly              0  0  0   0  0   1  0  0  8/18  16 
Dan Hamhuis              0  0  0  -1  2   0  1  0  0/0   21 
David Krejci             0  0  0  -1  0   2  1  0  4/8   13 
Dennis Seidenberg        0  0  0   0  0   0  0  0  0/0   22 
Dustin Brown             0  0  0   0  2   5  5  0  1/1   18 
Gregory Campbell         0  0  0   0  0   0  0  0  0/0   6  
Henrik Zetterberg        0  0  0   0  0   1  0  0  15/29 22 
Jordan Leopold           0  0  0   0  0   1  0  0  0/0   19 
Mark Recchi              0  0  0   1  0   0  0  0  1/2   9  
Milan Lucic              0  0  0   0  2   1  1  0  0/0   13 
Nathan Horton            0  0  0  -1  0   1  0  0  2/2   8  
Patrice Bergeron         0  1  1   1  0   1  1  0  8/14  16 
Rich Peverley            0  0  0   0  0   3  0  0  0/0   16 
Rick Nash                0  0  0   0  2   0  4  0  2/2   21 
Tom Gilbert              0  1  1   1  0   0  0  0  0/0   12 
Toni Lydman              0  0  0   0  2   0  0  2  0/0   20 
Zdeno Chara              1  0  1   0  4   2  3  1  0/0   20 

3 Stars

1 - Mike Fisher (FLA)
2 - Brad Stuart (FLA)
3 - Marty Turco (FLA)

Power Play

Panthers - 2 on 8 Attempt(s) - 25.00%
Bruins - 0 on 3 Attempt(s) - 0.00%

Penalty Kill

Panthers - 3 on 3 Attempt(s) - 100.00% - Score 0 goal in Penalty Kill
Bruins - 6 on 8 Attempt(s) - 75.00% - Score 0 goal in Penalty Kill

Game Notes

No Game Note

Finance

Level 1 -- Attendance: 6500 (100.00%) -- Ticket Income $487,500.00
Level 2 -- Attendance: 5000 (100.00%) -- Ticket Income $250,000.00
Level 3 -- Attendance: 3500 (100.00%) -- Ticket Income $105,000.00
Level 4 -- Attendance: 1565 (100.00%) -- Ticket Income $31,300.00
Luxury Box -- Attendance: 1000 (100.00%) -- Ticket Income $150,000.00
Game was played at the TD Garden
Total Attendance: 17565 (100.00%)
Total Ticket Income: $1,069,956.00
Other Income: $320,986.91
Total Income: $1,390,943.00


Play by Play

Period #1

0:01 of 1st period - David Krejci wins face-off versus Mike Fisher in neutral zone.
0:11 of 1st period - Shot by Mike Fisher.
0:11 of 1st period - Goal by Mike Fisher - Panthers : 1 - Bruins : 0.
0:12 of 1st period - Claude Giroux wins face-off versus Henrik Zetterberg in neutral zone.
0:32 of 1st period - Shot by Claude Giroux.
0:32 of 1st period - Stopped by Cam Ward without a rebound.
0:33 of 1st period - Maxim Afinogenov wins face-off versus David Krejci in Bruins zone.
0:58 of 1st period - Shot by Mike Fisher.
0:58 of 1st period - Stopped by Cam Ward without a rebound.
0:59 of 1st period - Henrik Zetterberg wins face-off versus Paul Gaustad in Bruins zone.
1:37 of 1st period - Shot by Blake Wheeler.
1:37 of 1st period - Shot Misses the Net.
2:03 of 1st period - Shot by Claude Giroux.
2:03 of 1st period - Shot Misses the Net.
2:07 of 1st period - Shot by Frans Nielsen.
2:07 of 1st period - Shot Misses the Net.
2:09 of 1st period - Shot by Mike Mottau.
2:09 of 1st period - Stopped by Cam Ward with a rebound.
2:48 of 1st period - Shot by Rick Nash.
2:48 of 1st period - Shot Blocked by Brad Stuart.
2:50 of 1st period - Shot by Zdeno Chara.
2:50 of 1st period - Stopped by Marty Turco without a rebound.
2:51 of 1st period - Paul Gaustad wins face-off versus Chris Kelly in Panthers zone.
3:46 of 1st period - Maxim Afinogenov is hit by Rick Nash and loses puck.
4:05 of 1st period - Minor Penalty to Rick Nash for Hooking.
4:06 of 1st period - Frans Nielsen wins face-off versus Patrice Bergeron in Bruins zone.
4:35 of 1st period - Shot by Andrew Brunette.
4:35 of 1st period - Stopped by Cam Ward without a rebound.
4:36 of 1st period - Henrik Zetterberg wins face-off versus Mike Fisher in Bruins zone.
6:05 of 1st period - Shot by Mike Fisher.
6:05 of 1st period - Stopped by Cam Ward without a rebound.
6:06 of 1st period - Chris Kelly wins face-off versus Paul Gaustad in Bruins zone.
6:22 of 1st period - Icing by Mike Mottau.
6:23 of 1st period - David Krejci wins face-off versus Paul Gaustad in Panthers zone.
6:45 of 1st period - David Krejci is hit by Brad Stuart and loses puck.
7:04 of 1st period - Icing by Brian Rafalski.
7:05 of 1st period - Frans Nielsen wins face-off versus Henrik Zetterberg in Panthers zone.
7:31 of 1st period - Shot by Claude Giroux.
7:31 of 1st period - Stopped by Cam Ward with a rebound.
7:33 of 1st period - Shot by Frans Nielsen.
7:33 of 1st period - Shot Misses the Net.
7:52 of 1st period - Minor Penalty to Blake Wheeler for High sticking.
7:53 of 1st period - Joel Ward wins face-off versus Chris Kelly in Panthers zone.
7:59 of 1st period - Icing by Jordan Leopold.
8:00 of 1st period - Chris Kelly wins face-off versus Mike Fisher in Bruins zone.
8:51 of 1st period - Shot by David Krejci.
8:51 of 1st period - Stopped by Marty Turco without a rebound.
8:52 of 1st period - Henrik Zetterberg wins face-off versus Mike Fisher in Panthers zone.
9:13 of 1st period - Shot by Rick Nash.
9:13 of 1st period - Shot Blocked by Greg Zanon.
9:38 of 1st period - Dennis Seidenberg is hit by Mike Fisher and loses puck.
10:02 of 1st period - Paul Gaustad is hit by David Krejci and loses puck.
10:41 of 1st period - Tom Gilbert is hit by Christopher Higgins.
10:42 of 1st period - Icing by Tom Gilbert.
10:43 of 1st period - Frans Nielsen wins face-off versus Mark Recchi in Bruins zone.
11:10 of 1st period - Shot by Claude Giroux.
11:10 of 1st period - Shot Blocked by Toni Lydman.
11:12 of 1st period - Shot by Frans Nielsen.
11:12 of 1st period - Stopped by Cam Ward without a rebound.
11:13 of 1st period - Mike Fisher wins face-off versus Chris Kelly in Bruins zone.
11:13 of 1st period - Mike Fisher is hit by Dan Hamhuis.
11:16 of 1st period - Minor Penalty to Dan Hamhuis for Tripping.
11:17 of 1st period - Mike Fisher wins face-off versus Henrik Zetterberg in Bruins zone.
11:26 of 1st period - Shot by Ryan Smyth.
11:26 of 1st period - Stopped by Cam Ward without a rebound.
11:27 of 1st period - Henrik Zetterberg wins face-off versus Mike Fisher in Bruins zone.
11:56 of 1st period - Shot by Ryan Smyth.
11:56 of 1st period - Shot Misses the Net.
13:02 of 1st period - Jordan Leopold is hit by Mike Fisher and loses puck.
13:39 of 1st period - Shot by Joel Ward.
13:39 of 1st period - Stopped by Cam Ward without a rebound.
13:40 of 1st period - Paul Gaustad wins face-off versus Henrik Zetterberg in Bruins zone.
14:45 of 1st period - Shot by Dan Hamhuis.
14:45 of 1st period - Shot Blocked by Mike Mottau.
15:17 of 1st period - Shot by Milan Lucic.
15:17 of 1st period - Stopped by Marty Turco with a rebound.
15:21 of 1st period - Shot by Milan Lucic.
15:21 of 1st period - Shot Blocked by Mike Mottau.
15:23 of 1st period - Shot by David Krejci.
15:23 of 1st period - Shot Misses the Net.
15:25 of 1st period - Shot by Jordan Leopold.
15:25 of 1st period - Stopped by Marty Turco without a rebound.
15:26 of 1st period - Mike Fisher wins face-off versus Henrik Zetterberg in Panthers zone.
15:26 of 1st period - Mike Fisher is hit by Dustin Brown.
15:33 of 1st period - Brian Rafalski is hit by Dustin Brown.
15:49 of 1st period - Shot by Brad Stuart.
15:49 of 1st period - Stopped by Cam Ward without a rebound.
15:50 of 1st period - Patrice Bergeron wins face-off versus Paul Gaustad in Bruins zone.
16:24 of 1st period - Icing by Paul Gaustad.
16:25 of 1st period - Paul Gaustad wins face-off versus Chris Kelly in Panthers zone.
16:27 of 1st period - Blake Wheeler is hit by Milan Lucic and loses puck.
16:44 of 1st period - Minor Penalty to Brad Marchand for Holding.
16:45 of 1st period - Frans Nielsen wins face-off versus Henrik Zetterberg in Bruins zone.
16:48 of 1st period - Shot by Mike Mottau.
16:48 of 1st period - Stopped by Cam Ward without a rebound.
16:49 of 1st period - Henrik Zetterberg wins face-off versus Frans Nielsen in Bruins zone.
16:49 of 1st period - Henrik Zetterberg is hit by Blake Wheeler.
17:47 of 1st period - Mike Fisher is hit by Zdeno Chara and loses puck.
18:12 of 1st period - Icing by Brian Rafalski.
18:13 of 1st period - Maxim Afinogenov wins face-off versus Henrik Zetterberg in Panthers zone.
18:18 of 1st period - Shot by Brian Rafalski.
18:18 of 1st period - Stopped by Cam Ward without a rebound.
18:19 of 1st period - Frans Nielsen wins face-off versus Henrik Zetterberg in Bruins zone.
18:47 of 1st period - Off-side.
18:48 of 1st period - Chris Kelly wins face-off versus Christopher Higgins in neutral zone.
19:03 of 1st period - Shot by Chris Kelly.
19:03 of 1st period - Stopped by Marty Turco without a rebound.
19:04 of 1st period - Mike Fisher wins face-off versus Patrice Bergeron in Panthers zone.
19:09 of 1st period - Rick Nash is hit by Mike Fisher and loses puck.
19:20 of 1st period - Brian Rafalski is hit by Patrice Bergeron and loses puck.
19:34 of 1st period - Minor Penalty to Brad Stuart for Hooking.
19:35 of 1st period - David Krejci wins face-off versus Frans Nielsen in Panthers zone.
19:42 of 1st period - Shot by Dustin Brown.
19:42 of 1st period - Stopped by Marty Turco without a rebound.
19:43 of 1st period - David Krejci wins face-off versus Frans Nielsen in Panthers zone.
19:59 of 1st period - Minor Penalty to Dustin Brown for Hooking.

Period #2

0:01 of 2nd period - Patrice Bergeron wins face-off versus Mike Fisher in neutral zone.
0:13 of 2nd period - Icing by Brian Rafalski.
0:14 of 2nd period - Mike Fisher wins face-off versus David Krejci in Panthers zone.
0:14 of 2nd period - Ryan Smyth is hit by Rick Nash and loses puck.
1:42 of 2nd period - Off-side.
1:43 of 2nd period - Henrik Zetterberg wins face-off versus Mike Fisher in neutral zone.
1:54 of 2nd period - Shot by Marc-Andre Bergeron.
1:54 of 2nd period - Stopped by Cam Ward without a rebound.
1:55 of 2nd period - Henrik Zetterberg wins face-off versus Frans Nielsen in Bruins zone.
1:55 of 2nd period - Henrik Zetterberg is hit by Andrew Brunette.
2:29 of 2nd period - Icing by Dennis Seidenberg.
2:30 of 2nd period - Mike Fisher wins face-off versus Henrik Zetterberg in Bruins zone.
2:46 of 2nd period - Minor Penalty to Milan Lucic for Slashing.
2:47 of 2nd period - Patrice Bergeron wins face-off versus Mike Fisher in Bruins zone.
3:02 of 2nd period - Shot by Mike Fisher.
3:02 of 2nd period - Stopped by Cam Ward with a rebound.
3:42 of 2nd period - Shot by Andrew Brunette.
3:42 of 2nd period - Stopped by Cam Ward without a rebound.
3:43 of 2nd period - Henrik Zetterberg wins face-off versus Frans Nielsen in Bruins zone.
3:59 of 2nd period - Shot by Andrew Brunette.
3:59 of 2nd period - Shot Misses the Net.
4:01 of 2nd period - Shot by Frans Nielsen.
4:01 of 2nd period - Goal by Frans Nielsen - Panthers : 2 - Bruins : 0.
4:02 of 2nd period - Chris Kelly wins face-off versus Paul Gaustad in neutral zone.
4:29 of 2nd period - Shot by Jordan Leopold.
4:29 of 2nd period - Shot Misses the Net.
4:31 of 2nd period - Shot by Brad Marchand.
4:31 of 2nd period - Shot Misses the Net.
4:33 of 2nd period - Shot by Brad Marchand.
4:33 of 2nd period - Stopped by Marty Turco without a rebound.
4:34 of 2nd period - Paul Gaustad wins face-off versus Patrice Bergeron in Panthers zone.
4:38 of 2nd period - Marc-Andre Bergeron is hit by Zdeno Chara and loses puck.
4:42 of 2nd period - Blake Wheeler is hit by Zdeno Chara and loses puck.
4:44 of 2nd period - Minor Penalty to Zdeno Chara for Hooking.
4:45 of 2nd period - Rick Nash wins face-off versus Mike Fisher in Bruins zone.
5:59 of 2nd period - Shot by Greg Zanon.
5:59 of 2nd period - Stopped by Cam Ward without a rebound.
6:00 of 2nd period - Mike Fisher wins face-off versus Patrice Bergeron in Bruins zone.
6:03 of 2nd period - Shot by Maxim Afinogenov.
6:03 of 2nd period - Stopped by Cam Ward without a rebound.
6:04 of 2nd period - Patrice Bergeron wins face-off versus Mike Fisher in Bruins zone.
6:33 of 2nd period - Icing by Claude Giroux.
6:34 of 2nd period - Henrik Zetterberg wins face-off versus Mike Fisher in Panthers zone.
6:45 of 2nd period - Shot by Maxim Afinogenov.
6:45 of 2nd period - Shot Misses the Net.
8:25 of 2nd period - Shot by Dustin Brown.
8:25 of 2nd period - Stopped by Marty Turco without a rebound.
8:26 of 2nd period - Mike Fisher wins face-off versus Chris Kelly in Panthers zone.
8:28 of 2nd period - Icing by Maxim Afinogenov.
8:29 of 2nd period - Mike Fisher wins face-off versus Chris Kelly in Panthers zone.
9:42 of 2nd period - Icing by Craig Rivet.
9:43 of 2nd period - Paul Gaustad wins face-off versus Patrice Bergeron in Panthers zone.
10:07 of 2nd period - Shot by Mark Recchi.
10:07 of 2nd period - Shot Misses the Net.
10:23 of 2nd period - Shot by Patrice Bergeron.
10:23 of 2nd period - Stopped by Marty Turco without a rebound.
10:24 of 2nd period - Frans Nielsen wins face-off versus Brad Marchand in Panthers zone.
11:50 of 2nd period - Shot by Patrice Bergeron.
11:50 of 2nd period - Shot Misses the Net.
11:54 of 2nd period - Shot by Rick Nash.
11:54 of 2nd period - Shot Blocked by Frans Nielsen.
11:56 of 2nd period - Shot by Tom Gilbert.
11:56 of 2nd period - Shot Misses the Net.
11:58 of 2nd period - Shot by Patrice Bergeron.
11:58 of 2nd period - Shot Hit the Post.
12:00 of 2nd period - Shot by Patrice Bergeron.
12:00 of 2nd period - Shot Misses the Net.
12:02 of 2nd period - Shot by Zdeno Chara.
12:02 of 2nd period - Goal by Zdeno Chara - Panthers : 2 - Bruins : 1.
12:03 of 2nd period - Mike Fisher wins face-off versus David Krejci in neutral zone.
12:13 of 2nd period - Icing by Rick Nash.
12:14 of 2nd period - Rick Nash wins face-off versus Paul Gaustad in Bruins zone.
12:14 of 2nd period - Rick Nash is hit by Paul Gaustad.
13:20 of 2nd period - Off-side.
13:21 of 2nd period - Chad Larose wins face-off versus Chris Kelly in neutral zone.
15:07 of 2nd period - Icing by Greg Zanon.
15:08 of 2nd period - Frans Nielsen wins face-off versus Henrik Zetterberg in Panthers zone.
15:47 of 2nd period - Shot by Dustin Brown.
15:47 of 2nd period - Stopped by Marty Turco without a rebound.
15:48 of 2nd period - Maxim Afinogenov wins face-off versus Chris Kelly in Panthers zone.
17:06 of 2nd period - Icing by Dan Hamhuis.
17:07 of 2nd period - Mike Fisher wins face-off versus Chris Kelly in Bruins zone.
17:54 of 2nd period - Icing by Blake Wheeler.
17:55 of 2nd period - Henrik Zetterberg wins face-off versus Mike Fisher in Panthers zone.
19:02 of 2nd period - Brad Stuart is hit by Dustin Brown and loses puck.
19:09 of 2nd period - Shot by Andrew Brunette.
19:09 of 2nd period - Stopped by Cam Ward with a rebound.
19:21 of 2nd period - Shot by Frans Nielsen.
19:21 of 2nd period - Shot Blocked by Toni Lydman.
19:28 of 2nd period - Icing by Toni Lydman.
19:29 of 2nd period - Mike Fisher wins face-off versus Henrik Zetterberg in Bruins zone.
19:31 of 2nd period - Minor Penalty to Toni Lydman for Hooking.
19:32 of 2nd period - Patrice Bergeron wins face-off versus Mike Fisher in Bruins zone.
19:51 of 2nd period - Shot by Marc-Andre Bergeron.
19:51 of 2nd period - Stopped by Cam Ward with a rebound.
19:55 of 2nd period - Shot by Mike Fisher.
19:55 of 2nd period - Shot Misses the Net.
19:57 of 2nd period - Shot by Ryan Smyth.
19:57 of 2nd period - Shot Blocked by Zdeno Chara.
19:59 of 2nd period - Shot by Claude Giroux.
19:59 of 2nd period - Shot Misses the Net.

Period #3

0:01 of 3rd period - Mike Fisher wins face-off versus Patrice Bergeron in neutral zone.
0:35 of 3rd period - Off-side.
0:36 of 3rd period - Henrik Zetterberg wins face-off versus Frans Nielsen in neutral zone.
0:46 of 3rd period - Icing by Brian Rafalski.
0:47 of 3rd period - Henrik Zetterberg wins face-off versus Frans Nielsen in Panthers zone.
3:39 of 3rd period - Icing by Brian Rafalski.
3:40 of 3rd period - Mike Fisher wins face-off versus David Krejci in Panthers zone.
3:57 of 3rd period - Andrew Brunette is hit by Rick Nash and loses puck.
4:36 of 3rd period - Shot by Dustin Brown.
4:36 of 3rd period - Stopped by Marty Turco with a rebound.
4:40 of 3rd period - Shot by Henrik Zetterberg.
4:40 of 3rd period - Stopped by Marty Turco with a rebound.
4:42 of 3rd period - Shot by Rich Peverley.
4:42 of 3rd period - Stopped by Marty Turco without a rebound.
4:43 of 3rd period - Chris Kelly wins face-off versus Paul Gaustad in Panthers zone.
5:46 of 3rd period - Icing by Tom Gilbert.
5:47 of 3rd period - Patrice Bergeron wins face-off versus Frans Nielsen in Bruins zone.
5:51 of 3rd period - Off-side.
5:52 of 3rd period - Maxim Afinogenov wins face-off versus Henrik Zetterberg in neutral zone.
5:52 of 3rd period - Craig Rivet is hit by Dustin Brown and loses puck.
5:59 of 3rd period - Blake Wheeler is hit by Dustin Brown and loses puck.
6:07 of 3rd period - Minor Penalty to Craig Rivet for Tripping.
6:08 of 3rd period - Ryan Smyth wins face-off versus Henrik Zetterberg in Panthers zone.
6:08 of 3rd period - Christopher Higgins is hit by Rick Nash.
6:30 of 3rd period - Shot by Zdeno Chara.
6:30 of 3rd period - Shot Misses the Net.
6:32 of 3rd period - Shot by Nathan Horton.
6:32 of 3rd period - Shot Misses the Net.
7:27 of 3rd period - Shot by Dan Hamhuis.
7:27 of 3rd period - Shot Blocked by Mike Mottau.
7:31 of 3rd period - Shot by Nathan Horton.
7:31 of 3rd period - Stopped by Marty Turco without a rebound.
7:32 of 3rd period - Henrik Zetterberg wins face-off versus Maxim Afinogenov in Panthers zone.
7:51 of 3rd period - Shot by Henrik Zetterberg.
7:51 of 3rd period - Shot Misses the Net.
10:52 of 3rd period - Minor Penalty to Zdeno Chara for High sticking.
10:53 of 3rd period - Henrik Zetterberg wins face-off versus Mike Fisher in Bruins zone.
11:32 of 3rd period - Shot by Brad Stuart.
11:32 of 3rd period - Goal by Brad Stuart - Panthers : 3 - Bruins : 1.
11:33 of 3rd period - Paul Gaustad wins face-off versus Chris Kelly in neutral zone.
12:07 of 3rd period - David Krejci is hit by Paul Gaustad and loses puck.
12:17 of 3rd period - Jordan Leopold is hit by Mike Fisher.
13:23 of 3rd period - Shot by Rich Peverley.
13:23 of 3rd period - Stopped by Marty Turco without a rebound.
13:24 of 3rd period - Chris Kelly wins face-off versus Frans Nielsen in Panthers zone.
14:10 of 3rd period - Henrik Zetterberg is hit by Craig Rivet and loses puck.
14:37 of 3rd period - Shot by Chad Larose.
14:37 of 3rd period - Deflect By Joel Ward.
14:37 of 3rd period - Stopped by Cam Ward without a rebound.
14:38 of 3rd period - Patrice Bergeron wins face-off versus Mike Fisher in Bruins zone.
14:40 of 3rd period - Icing by Mark Recchi.
14:41 of 3rd period - Mark Recchi wins face-off versus Mike Fisher in Bruins zone.
14:41 of 3rd period - Mark Recchi is hit by Mike Fisher.
15:02 of 3rd period - Icing by Brian Rafalski.
15:03 of 3rd period - Nathan Horton wins face-off versus Mike Fisher in Panthers zone.
15:28 of 3rd period - Shot by David Krejci.
15:28 of 3rd period - Stopped by Marty Turco without a rebound.
15:29 of 3rd period - Henrik Zetterberg wins face-off versus Blake Wheeler in Panthers zone.
15:44 of 3rd period - Shot by Dustin Brown.
15:44 of 3rd period - Stopped by Marty Turco without a rebound.
15:45 of 3rd period - Dustin Brown wins face-off versus Frans Nielsen in Panthers zone.
15:50 of 3rd period - Shot by Rich Peverley.
15:50 of 3rd period - Stopped by Marty Turco without a rebound.
15:51 of 3rd period - Chris Kelly wins face-off versus Frans Nielsen in Panthers zone.
16:47 of 3rd period - Icing by Dan Hamhuis.
16:48 of 3rd period - Chris Kelly wins face-off versus Mike Fisher in Bruins zone.
17:01 of 3rd period - Shot by Ryan Smyth.
17:01 of 3rd period - Stopped by Cam Ward without a rebound.
17:02 of 3rd period - Patrice Bergeron wins face-off versus Mike Fisher in Bruins zone.
18:27 of 3rd period - Icing by Craig Rivet.
18:28 of 3rd period - Christopher Higgins wins face-off versus Henrik Zetterberg in Panthers zone.
19:38 of 3rd period - Off-side.
19:39 of 3rd period - Nathan Horton wins face-off versus Blake Wheeler in neutral zone.


Output by the SimonT Hockey Simulator (STHS) for Stephane Roy -- Original Page W3C XHTML 1.0 Valid